[Event "*** SCC Grand Prix: Titled Tuesday Blitz"]
[Site "Chess.com"]
[Date "2020.06.23"]
[Round "10"]
[White "Chepaschess"]
[Black "Andreikka"]
[Result "1/2-1/2"]
[WhiteElo "2862"]
[BlackElo "2947"]
[TimeControl "180+1"]
[EndTime "11:59:02 PDT"]
[Termination "Game drawn by repetition"]

1. e4 d5 2. exd5 Qxd5 3. Nc3 Qa5 4. d4 Nf6 5. Nf3 c6 6. Ne5 Be6 7. Bf4 g6 8. Be2 Bg7 9. O-O O-O 10. Re1 Nbd7 11.
Nf3 Qd8 12. Qd2 Nb6 13. Rad1 Nbd5 14. Be5 Nxc3 15. Qxc3 Bd5 16. b3 b5 17. Qe3 Ng4 18. Qf4 Nxe5 19. Nxe5 b4 20. Bf3 Qd6 21. Qe3 Rfd8 22. c4 bxc3 23. Qxc3 Rac8 24. Rc1 Bxf3 25. Qxf3 Bxe5 26. dxe5 Qe6 27. h4 h5 28.
Rc4 Rd5 29. Qc3 Kh7 30. Rc5 Rc7 31. Rxd5 Qxd5 32. e6 fxe6 33. Re5 Qd6 34. Qe3 c5 35. Rxe6 Qd1+ 36. Qe1 Qxe1+ 37. Rxe1 Kg7 38. Re4 Kf7 39. Kf1 Kf6 40. g3 e5 41. Ra4 Ke6 42. Ke2 Kf5 43. Rc4 Ke6 44. g4 Kd5 45. gxh5 gxh5 46. f4 Rf7 47.
Ke3 Re7 48. fxe5 Rxe5+ 49. Kd3 Rf5 50. Ra4 Rf3+ 51. Ke2 Rh3 52. Kf2 Rh1 53. Rxa7 Rxh4 54. Kg3 Rg4+ 55. Kh3 Rd4 56. Kg3 Kc6 57. Kh3 Kb5 58.
Kg3 Rd2 59. Kh4 Rh2+ 60. Kg3 Rh1 61. Kg2 Ra1 62. Kg3 Kb6 63. Ra8 Rd1 64. Kh4 Rh1+ 65. Kg3 h4+ 66. Kg4 h3 67. Kg3 Kb5 68. Rb8+ Kc6 69. Rc8+ Kb6 70. Ra8 Kc7 71. Ra5 Kb6 72. Ra4 Kb5 73. Ra8 Kb6 74. Ra4 Kc6 75. Ra8 Kb7 76. Ra5 Kb6 77. Ra4 1/2-1/2

[Event "*** SCC Grand Prix: Titled Tuesday Blitz"]
[Site "Chess.com"]
[Date "2020.06.23"]
[Round "10"]
[White "XDPS"]
[Black "Makswolf200817"]
[Result "0-1"]
[WhiteElo "2667"]
[BlackElo "2463"]
[TimeControl "180+1"]
[EndTime "11:59:02 PDT"]
[Termination "Makswolf200817 won on time"]

1. e4 e6 2. b3 d5 3. Bb2 dxe4 4. Nc3 Nf6 5. Qe2 Be7 6. g4 h6 7. h4 b6 8. O-O-O Ba6 9. Qe1 Bb7 10. Bg2 Nbd7 11.
Qe2 Nc5 12. g5 hxg5 13. hxg5 Rxh1 14. Bxh1 Nd5 15. g6 f5 16. f3 exf3 17. Nxf3 Bf6 18.
Ne5 Qe7 19. Qb5+ c6 20. Nxc6 Qd7 21. Nxd5 Bxb2+ 22. Kxb2 exd5 23. Qe2+ Ne4 24. Ne5 Qe6 25. Qb5+ Kf8 26. d4 Rc8 27. Bxe4 dxe4 28. Rh1 Ke7 29.
Rh7 Kf6 30. Qb4 a5 31. Qe1 Qe7 32. Qh4+ Ke6 33. Qf4 Qf6 34. c4 b5 35. Kc3 bxc4 36.
bxc4 Bd5 37. c5 Rb8 38. Nc4 Rd8 39. Qc7 Bxc4 40. Qc6+ Ke7 41. Qc7+ Ke6 42. Qb6+ Ke7 43. Qc7+ Rd7 44. Qe5+ Qxe5 45. dxe5 Be6 46. c6 Rc7 47. Rxg7+ Kd8 48. Rh7 Rxc6+ 49. Kd4 Rc4+ 50. Ke3 Rc3+ 51.
Kf4 Rf3+ 52. Kg5 e3 53. Kf6 e2 54. Kxe6 e1=Q 55. g7 Rg3 56. Rh8+ Kc7 57. Rh7 Kc6 58.
Kf6 Qb4 59. e6 Qd4+ 60. Kf7 Qd5 61. Rh6 Kc5 62. Rg6 Qe5 63. Rxg3 Qxg3 64. g8=Q Qxg8+ 65. Kxg8 Kd6 66. Kf7 f4 67. e7 f3 68. e8=Q f2 69. Qb8+ Kd5 70. Qf4 f1=Q 71. Qf2 Qxf2+ 0-1

[Event "*** SCC Grand Prix: Titled Tuesday Blitz"]
[Site "Chess.com"]
[Date "2020.06.23"]
[Round "10"]
[White "Gabrielian_Artur"]
[Black "Fusikk"]
[Result "1/2-1/2"]
[WhiteElo "2753"]
[BlackElo "2564"]
[TimeControl "180+1"]
[EndTime "11:59:06 PDT"]
[Termination "Game drawn by repetition"]

1. e4 e5 2. Nc3 Nc6 3. g3 Bc5 4.
Bg2 d6 5. Nge2 Nf6 6. d3 O-O 7. O-O h6 8. h3 Be6 9. Kh2 d5 10. f4 dxe4 11. fxe5 Nxe5 12. Nxe4 Nxe4 13. Bxe4 Nc6 14.
Nf4 Bd7 15. Qh5 Qg5 16. Qxg5 hxg5 17. Nd5 Nd4 18. Bxg5 c6 19. Ne7+ Bxe7 20. Bxe7 Rfe8 21. Bc5 Nxc2 22. Rac1 Ne3 23. Bxe3 f5 24. Bd5+ cxd5 25. Rfe1 Bc6 26. Bd4 a6 27. Be5 d4 28. Bxd4 Rxe1 29.
Rxe1 Rd8 30. Bc3 Rxd3 31. h4 Kf7 32. a3 Be4 33. g4 Kg6 34. gxf5+ Bxf5 35. Rg1+ Kh6 36.
Bxg7+ Kh7 37. Bf6 Rh3+ 38. Kg2 Rd3 39. Kf2 Be4 40. Bc3 Rf3+ 41. Ke1 Rh3 42. Rg7+ Kh6 43. Re7 Rxh4 44. Kd2 Kg6 45. Ke3 Bc6 46. Re5 Kf7 47. Rg5 Re4+ 48. Kd3 Re6 49. Kd4 Ke7 50. Kc5 Kd7 51.
Rg7+ Re7 52. Rg6 Kc7 53. Ba5+ Kd7 54. Rd6+ Ke8 55. Rd8+ Kf7 56. Kb6 Re5 57. Bc3 Rb5+ 58. Kc7 Rb3 59. Rd4 Ke7 60. Rd2 Kf7 61. Re2 Rb5 62.
Rf2+ Ke6 63. Rf6+ Kd5 64. Rh6 Kc4 65. Rh3 Kb3 66. Bd4+ Ka2 67. a4 Rb3 68. Rh2 Bxa4 69. Bc3 Bc6 70. Rh4 Rb5 71. Ra4+ Kb3 72. Rh4 Rc5 73. Rb4+ Kc2 74. Kb6 Rb5+ 75. Rxb5 axb5 76. Kc5 Kb3 77. Kb6 Kc2 78. Bg7 Kb3 79. Bh8 Kc2 80. Bg7 Kb3 81. Bh8 Kc2 82. Bg7 1/2-1/2

[Event "*** SCC Grand Prix: Titled Tuesday Blitz"]
[Site "Chess.com"]
[Date "2020.06.23"]
[Round "10"]
[White "Vuk2000"]
[Black "cholzan"]
[Result "1-0"]
[WhiteElo "2632"]
[BlackElo "2381"]
[TimeControl "180+1"]
[EndTime "11:59:11 PDT"]
[Termination "Vuk2000 won by checkmate"]

1. e4 d6 2. d4 Nf6 3. Nc3 e5 4. Nf3 Nbd7 5. Bc4 Be7 6. O-O O-O 7. a4 c6 8. Re1 exd4 9. Nxd4 Nc5 10. f3 Re8 11.
Be3 Bf8 12. Qd2 Ne6 13. Rad1 Nxd4 14. Bxd4 Be6 15. Bd3 Nd7 16. f4 Nc5 17. f5 Nxd3 18.
Qxd3 Bd7 19. Qg3 f6 20. Be3 Qa5 21. Bf4 d5 22. exd5 cxd5 23. Rxd5 Qb6+ 24. Kh1 Bc6 25. Rdd1 Qxb2 26. Re6 Qxc2 27. Rc1 Qxf5 28. Rxe8 Rxe8 29. Nb5 Re2 30. Nd4 Rxg2 31. Rxc6 Rxg3 32. Nxf5 Rf3 33. Rc4 g5 34. Bd6 Bxd6 35. Nxd6 Rd3 36. Nxb7 f5 37. Nc5 Rd2 38. Ne6 h6 39. Rd4 Re2 40. Nc5 f4 41. Kg1 Kf7 42. Rd6 Rc2 43. Nd3 Kg7 44. Ra6 Rd2 45.
Ne5 Re2 46. Nf3 g4 47. Nd4 Rd2 48. Ne6+ Kf6 49. Nxf4+ Kf5 50. Nh5 Rd1+ 51. Kg2 Rd2+ 52. Kg1 Rd1+ 53. Kf2 Rd2+ 54. Kg3 Rd3+ 55. Kf2 Rd2+ 56.
Ke3 Rxh2 57. Ra5+ Kg6 58. Nf4+ Kf6 59. Rxa7 g3 60. Kf3 Ra2 61. Kxg3 Kg5 62. Ra5+ Kf6 63. Kg4 Rb2 64. Ra6+ Kf7 65. Kf5 Rb4 66. a5 h5 67.
Ra7+ Kf8 68. Ne6+ Ke8 69. Kf6 Rb8 70. Re7# 1-0

[Event "*** SCC Grand Prix: Titled Tuesday Blitz"]
[Site "Chess.com"]
[Date "2020.06.23"]
[Round "10"]
[White "GMMatamoros"]
[Black "AllStarShark"]
[Result "0-1"]
[WhiteElo "2511"]
[BlackElo "2320"]
[TimeControl "180+1"]
[EndTime "11:59:15 PDT"]
[Termination "AllStarShark won by resignation"]

1. c4 e6 2. g3 d5 3. Bg2 Nf6 4. Nf3 Be7 5. O-O O-O 6. d4 c6 7. Nbd2 b6 8. Qc2 Bb7 9. e4 Nxe4 10. Nxe4 dxe4 11. Qxe4 Qc8 12. Rd1 Nd7 13. Qc2 c5 14. d5 exd5 15. cxd5 Bd6 16. Nd2 Nf6 17. Nc4 Qd7 18. Bg5 Ne8 19. Re1 h6 20. Bd2 Nc7 21.
Nxd6 Qxd6 22. Bf4 Qd7 23. Bxc7 Qxc7 24. d6 Qb8 25. Bxb7 Qxb7 26. Re7 Qc6 27. Rd1 Rad8 28. Rc7 Qf3 29. Rxa7 Rfe8 30. Ra3 Qc6 31. Rad3 Re6 32.
Qd2 Rd7 33. b3 b5 34. Rd5 Qb6 35. a3 Qc6 36. h4 Qb6 37. h5 Qc6 38. Qd3 Qb6 39.
a4 bxa4 40. bxa4 c4 41. Qxc4 Rdxd6 42. Rxd6 Rxd6 43. Rxd6 Qxd6 44. Qc8+ Kh7 45. Qf5+ Kg8 46. Qe4 Qd1+ 47. Kg2 Qxh5 48. Qb7 Qa5 49. Qb5 Qa8+ 50.
Kg1 Qe4 51. a5 Qe1+ 52. Kg2 Qe4+ 53. Kh2 Qf3 54. Qb6 Qh5+ 55. Kg1 Qd1+ 56. Kg2 Qd5+ 57. Kf1 Qd1+ 58. Kg2 Qd5+ 59. f3 Qd2+ 60. Qf2 Qxa5 61.
g4 Qd5 62. Qe2 Qe6 63. Qd3 Qf6 64. Qd5 g6 65. Qd3 Kg7 66. Qd5 Qg5 67. Qe4 h5 68.
Kg3 hxg4 69. fxg4 f5 70. Qe5+ Kh7 71. Qc7+ Kh6 72. Qf4 Qxf4+ 73. Kxf4 fxg4 74. Kxg4 g5 75. Kg3 Kg6 76. Kg4 Kf6 77. Kg3 Kf5 78. Kf3 g4+ 79. Kg3 Kg5 80. Kg2 Kf4 81. Kf2 g3+ 82. Kg2 Kg4 83.
Kg1 Kf4 84. Kf1 Kf3 85. Kg1 g2 86. Kh2 Kf2 0-1

[Event "*** SCC Grand Prix: Titled Tuesday Blitz"]
[Site "Chess.com"]
[Date "2020.06.23"]
[Round "10"]
[White "novendrapriasmoro"]
[Black "Moon_stone123"]
[Result "1-0"]
[WhiteElo "2609"]
[BlackElo "2471"]
[TimeControl "180+1"]
[EndTime "11:59:16 PDT"]
[Termination "novendrapriasmoro won by resignation"]

1. e4 c5 2. Nf3 d6 3. d4 Nf6 4.
Nc3 cxd4 5. Nxd4 g6 6. Be3 Bg7 7. f3 Nc6 8. Qd2 O-O 9. Bc4 Bd7 10. O-O-O Rc8 11. Bb3 Ne5 12. Bh6 Bxh6 13. Qxh6 Rxc3 14. bxc3 Qa5 15. Qe3 Rc8 16. Kb2 Nc4+ 17. Bxc4 Rxc4 18. Nb3 Qc7 19. Rd4 Be6 20. Rxc4 Bxc4 21. Qxa7 Nd7 22.
Rd1 Be6 23. Rd4 Ne5 24. Nd2 Kg7 25. Rb4 Bc8 26. Qb6 Qd7 27. f4 Nc6 28. Ra4 Qg4 29. Ra8 Qxf4 30. Nb3 Be6 31. Nd4 Ne5 32. Nxe6+ fxe6 33. Qd4 b5 34. Rb8 Qf1 35. Rc8 Kf7 36. a4 bxa4 37.
Qxa4 Qe2 38. Qe8+ Kf6 39. Qf8+ Nf7 40. c4 Qxe4 41. Rc7 Qd4+ 42. Ka2 Qc3 43. Qxe7+ Ke5 44.
Qxf7 Qa5+ 45. Kb3 Qb6+ 46. Kc3 Qe3+ 47. Kb2 Qb6+ 48. Kc1 Qg1+ 49. Kd2 Qd4+ 50. Ke2 Qe4+ 51. Kf2 Qxc2+ 52. Kg3 Qc3+ 53. Qf3 Qe1+ 54. Qf2 Qe4 55.
Qb2+ Kf5 56. Rf7+ Kg5 57. Qd2+ Kh5 58. Qd1+ Kh6 59. Qd2+ g5 60. Rf6+ Kh5 61. Qd1+ g4 62. Kf2 Qe5 63. Rf8 Qc5+ 64. Kf1 d5 65. Rf2 Qxc4+ 66. Kg1 Qe4 67. h3 Qg6 68. Qxg4+ Qxg4 69. hxg4+ Kxg4 70. Rf7 e5 71. Kf2 d4 72. Rxh7 e4 73. Rf7 d3 74. Ke3 Kg3 75. Kxe4 d2 76. Rd7 Kxg2 77. Rxd2+ Kg3 78. Rd3+ Kg4 79. Rf3 Kg5 80. Rg3+ Kf6 81. Rg4 Ke6 82. Rg6+ Kd7 83. Kd5 Ke7 84. Ra6 Kf7 85. Ke5 Ke7 86. Ra7+ 1-0

[Event "*** SCC Grand Prix: Titled Tuesday Blitz"]
[Site "Chess.com"]
[Date "2020.06.23"]
[Round "10"]
[White "GigaQuparadze"]
[Black "Guenplen"]
[Result "0-1"]
[WhiteElo "2826"]
[BlackElo "2930"]
[TimeControl "180+1"]
[EndTime "11:59:21 PDT"]
[Termination "Guenplen won by resignation"]

1. e4 c5 2. Nc3 Nc6 3. Bb5 Nd4 4.
Nf3 e6 5. Nxd4 cxd4 6. Ne2 Qg5 7.
Bd3 Qxg2 8. Rg1 Qxh2 9. c3 dxc3 10. dxc3 Bc5 11. Rxg7 Bxf2+ 12. Kf1 Bb6 13. Nd4 Qh1+ 14. Ke2 Qh5+ 15. Nf3 Ne7 16. Rg5 Qh3 17. Bf4 Ng6 18.
Bd6 f6 19. Rg3 Qh6 20. Qc1 Qxc1 21. Rxc1 Bd8 22. Rh1 Be7 23. Bc7 Kf7 24. e5 Nf4+ 25. Kd2 Nxd3 26. Kxd3 b6 27. exf6 Ba6+ 28. Ke3 Bxf6 29.
Ng5+ Bxg5+ 30. Rxg5 h6 31. Rgh5 Bb7 32. R1h2 Rag8 33.
Be5 Rh7 34. Rxh6 Rxh6 35. Rxh6 Bc6 36. Rh7+ Kg6 37. Rh3 Kf5 38. Rh5+ Kg4 39. Rh7 Rf8 40. Rg7+ Kf5 41. Bd6 Rh8 42. Rf7+ Kg6 43. Rf1 Rh3+ 44.
Kd4 Rh5 45. c4 Rh4+ 46. Rf4 Rh3 47. Rg4+ Kf5 48. Rg3 Rh4+ 49. Kc3 a6 50. Re3 b5 51. cxb5 axb5 52. b3 Kg6 53. a3 Kf5 54. Re5+ Kg6 55. Re3 Rh1 56. Rg3+ Kf5 57. Re3 Rd1 58. Bg3 Rc1+ 59.
Kd2 Rf1 60. Bd6 Rb1 61. Re5+ Kg6 62. Re3 Rb2+ 63. Kc3 Rf2 64. Rd3 Kf5 65. Re3 Rf1 66.
Re5+ Kf6 67. Re2 Bd5 68. Re3 Rb1 69. Kb4 Bc6 70. Kc3 Rd1 71. Be5+ Kf5 72. Bg3 Rf1 73. Bd6 Be4 74. Kd4 Rd1+ 75. Kc5 Rd5+ 76. Kb4 Rxd6 77. Kxb5 Rd3 78. Rxd3 Bxd3+ 79. Kc5 e5 80. a4 e4 81. Kd4 Kf4 82. b4 Ba6 83. b5 Bc8 84. a5 e3 85. a6 e2 86. Kc5 e1=Q 87.
Kb6 Qe3+ 88. Kc7 Qc5+ 0-1

[Event "*** SCC Grand Prix: Titled Tuesday Blitz"]
[Site "Chess.com"]
[Date "2020.06.23"]
[Round "10"]
[White "Titus369"]
[Black "Lion-Al-Messi"]
[Result "1-0"]
[WhiteElo "2564"]
[BlackElo "2450"]
[TimeControl "180+1"]
[EndTime "11:59:28 PDT"]
[Termination "Titus369 won on time"]

1. e4 e6 2. d4 d5 3. Nd2 c5 4.
Ngf3 cxd4 5. exd5 Qxd5 6. Bc4 Qd6 7. O-O Nf6 8. Nb3 Nc6 9. Nbxd4 Nxd4 10. Nxd4 Be7 11. Nb5 Qxd1 12. Rxd1 O-O 13. Bf4 Bd7 14.
Nd6 Bc6 15. a4 Nd5 16. Bxd5 Bxd5 17. Nb5 Rac8 18. c3 a6 19. Nd4 Rfd8 20. h3 h6 21.
Be3 g5 22. Ne2 Bb3 23. Rd4 e5 24. Rxd8+ Rxd8 25. f3 f5 26. Kf2 Kg7 27. Ke1 Kg6 28. Bb6 Rd7 29. a5 h5 30. Ng3 g4 31. hxg4 hxg4 32.
fxg4 f4 33. Ne4 Bd5 34. Nc5 Bxc5 35. Bxc5 Bxg2 36. Ke2 Bc6 37. Re1 e4 38. Bd4 e3 39.
Kd3 Kg5 40. Rg1 Bb5+ 41. Ke4 Re7+ 42. Kf3 Rh7 43. Ke4 Bc6+ 44. Kd3 Rh2 45. c4 Be8 46. b4 Bg6+ 47. Kc3 Rd2 48. Bb6 Rd3+ 49. Kb2 f3 50. Rf1 f2 51. Bxe3+ Rxe3 52. Rxf2 Kxg4 53. Rg2+ Kf5 54.
Rd2 Ke6 55. Rd8 Re5 56. Rb8 Be4 57. Kc3 Bc6 58. Rh8 Re3+ 59. Kd4 Re4+ 60. Kc5 Rg4 61. Rh6+ Kd7 62. Rh5 Kc7 63. b5 axb5 64. cxb5 Bf3 65.
Rh7+ Kb8 66. Rh8+ Kc7 67. Rh7+ Kd8 68. a6 Rg5+ 69. Kb6 Rg6+ 70. Ka5 bxa6 71. bxa6 Be2 72.
a7 Ra6+ 73. Kb4 Bf3 74. Kb5 Ra1 75. Kb6 Rb1+ 76. Kc5 Ra1 77. Kb6 Ke8 78. Kc5 Kf8 79.
Kd6 Kg8 80. Rc7 Bg2 81. Ke5 Ra5+ 82. Kf6 Ra6+ 83. Kg5 Bd5 84. Kf5 Bg2 85. Ke5 Kf8 86. Kd4 Ke8 87. Kc5 Kd8 88. Rh7 Kc8 89. Rg7 Bf3 90.
Rf7 1-0

[Event "*** SCC Grand Prix: Titled Tuesday Blitz"]
[Site "Chess.com"]
[Date "2020.06.23"]
[Round "10"]
[White "124chess"]
[Black "nikitakhoroshev"]
[Result "1/2-1/2"]
[WhiteElo "2702"]
[BlackElo "2492"]
[TimeControl "180+1"]
[EndTime "11:59:29 PDT"]
[Termination "Game drawn by stalemate"]

1. b3 a5 2. Bb2 a4 3. g3 e6 4. Bg2 a3 5. Bc3 c5 6. Nf3 Nc6 7. O-O d5 8. d4 Nf6 9. Ne5 Qb6 10.
Nxc6 bxc6 11. e3 Be7 12. Nd2 O-O 13. dxc5 Qxc5 14. Bd4 Qa5 15. c4 Bb7 16. Rc1 c5 17.
Bc3 Qb6 18. Qc2 Rac8 19. Rfd1 Rfd8 20. Be5 Nd7 21. Ba1 Bf8 22. cxd5 exd5 23. Nf3 Nf6 24. Ne1 Qe6 25. Nd3 Ne4 26. Nf4 Qh6 27. Nxd5 Ng5 28. h4 Ne6 29. Qc3 Bc6 30. Qa5 Nd4 31. Bxd4 Bxd5 32.
Bxg7 Qxg7 33. Bxd5 Qb2 34. Bc4 Re8 35. Qd2 Rcd8 36. Qe2 Bg7 37. Rb1 Qc3 38. Qf3 Qf6 39. Qxf6 Bxf6 40. Kf1 Bc3 41. Ke2 Kf8 42. Rxd8 Rxd8 43.
Rd1 Rxd1 44. Kxd1 Ke7 45. Ke2 h6 46. f4 f6 47. e4 Bd4 48. Kf3 Bc3 49. Kg4 Be1 50. Kf3 Kd6 51. h5 Bc3 52. g4 Bd2 53. Bd5 Bc1 54. Bc4 Bd2 55. e5+ fxe5 56. g5 exf4 57. g6 Bc3 58. Kxf4 Bg7 59. Kf5 Bh8 60. Ke4 Bg7 61. Kd3 Bf6 62. Bf7 Kc6 63. Kc4 Bg7 64.
Bd5+ Kd6 65. Bf3 Bb2 66. Kb5 Bd4 67. Ka4 Bb2 68. g7 Bxg7 69. Kxa3 Kc7 70. Ka4 Kb6 71. Be2 Bc3 72. a3 Bd2 73. b4 cxb4 74. axb4 Bxb4 75. Kxb4 Kc6 76. Kc4 Kd6 77. Kd4 Ke7 78.
Bd3 Kf7 79. Ke5 Kg7 80. Kf5 Kh8 81. Kg6 Kg8 82. Kf6 Kh8 83. Bg6 Kg8 84. Bf7+ Kh8 85. Be8 Kh7 86. Kf7 Kh8 87. Kf8 Kh7 88. Bg6+ Kh8 89.
Bf7 Kh7 90. Bg8+ Kh8 91. Bb3 Kh7 92. Kf7 Kh8 93. Kf6 Kh7 94. Kf5 Kh8 95. Kg6 1/2-1/2

[Event "*** SCC Grand Prix: Titled Tuesday Blitz"]
[Site "Chess.com"]
[Date "2020.06.23"]
[Round "10"]
[White "ElusiveCat"]
[Black "Grineva_Marianna"]
[Result "1-0"]
[WhiteElo "2326"]
[BlackElo "2188"]
[TimeControl "180+1"]
[EndTime "11:59:33 PDT"]
[Termination "ElusiveCat won by checkmate"]

1. d4 f5 2. c4 d6 3. g3 Nf6 4. Bg2 g6 5. Nf3 Bg7 6. O-O O-O 7. Nc3 Qe8 8. e4 fxe4 9. Ng5 c6 10. d5 cxd5 11.
cxd5 Na6 12. Ngxe4 Bf5 13. Re1 Qd7 14. a3 Rac8 15.
Ng5 Ng4 16. Re2 Nc5 17. Bf4 Bd3 18. Rd2 Bc4 19. Ne6 Nxe6 20. dxe6 Bxe6 21. Nd5 Be5 22. Bxe5 Nxe5 23. Qe2 Rf5 24. f4 Nc6 25. Rad1 Rcf8 26.
Ne3 R5f6 27. Nc4 Bxc4 28. Qxc4+ Kg7 29. Re2 Qf5 30. Bxc6 bxc6 31. Rxe7+ R8f7 32. Rxf7+ Rxf7 33. Qxc6 Qc5+ 34. Qxc5 dxc5 35. Rd2 Rb7 36. Kf2 Kf6 37. Ke3 Ke6 38. Ke4 Rb3 39. Rc2 Kd6 40. g4 Kc6 41. f5 gxf5+ 42. Kxf5 Kd6 43. h4 Rf3+ 44. Kg5 Rg3 45. Kf4 Rg1 46. h5 Kd5 47. Kg5 Kd4 48. Rd2+ Ke3 49. Rc2 Kd4 50. h6 c4 51. Rd2+ Ke3 52.
Rc2 Kd3 53. Rc3+ Kd4 54. Rc2 Rg3 55. Kf4 Rg1 56. g5 Kd3 57. Rc3+ Kd4 58. Kf5 Rf1+ 59. Ke6 a5 60. g6 hxg6 61. Rh3 Rf8 62. Ke7 Rh8 63.
Kf7 c3 64. bxc3+ Kc4 65. Kg7 Rd8 66. h7 a4 67. Kxg6 Kb3 68. Kf5 Kxa3 69. c4+ Kb4 70. c5 a3 71. h8=Q Rxh8 72. Rxh8 a2 73. Ra8 Kxc5 74.
Rxa2 Kb4 75. Re2 Kb3 76. Ke4 Kc3 77. Re3+ Kc4 78. Rd3 Kb4 79. Kd4 Kb5 80. Rc3 Kb4 81. Kd3 Kb5 82. Kd4 Kb4 83. Rc6 Kb5 84. Rc5+ Kb4 85. Kd5 Kb3 86. Rc4 Kb2 87. Kd4 Kb3 88.
Kd3 Kb2 89. Rc3 Kb1 90. Kd2 Kb2 91. Kd3 Kb1 92. Kc4 Kb2 93. Kb4 Kb1 94. Kb3 Ka1 95.
Rc1# 1-0

[Event "*** SCC Grand Prix: Titled Tuesday Blitz"]
[Site "Chess.com"]
[Date "2020.06.23"]
[Round "10"]
[White "Angry_Twin"]
[Black "penguingm1"]
[Result "1/2-1/2"]
[WhiteElo "2820"]
[BlackElo "2906"]
[TimeControl "180+1"]
[EndTime "12:00:21 PDT"]
[Termination "Game drawn - insufficient material"]

1. e4 e5 2. Nf3 Nc6 3. Bc4 Bc5 4. O-O Nf6 5. d3 a6 6. c3 Ba7 7. a4 d6 8. Re1 Ng4 9. Rf1 O-O 10. h3 Nh6 11. Bg5 Qe8 12. Qd2 Kh8 13. Bxh6 gxh6 14. Qxh6 f6 15. Nh4 Ne7 16. Nd2 Bd7 17. Kh1 Ng6 18.
Nxg6+ Qxg6 19. Qxg6 hxg6 20. Nf3 Kg7 21. Kh2 Rh8 22. d4 Rh5 23. Be2 Re8 24. dxe5 fxe5 25. Nd2 Rh4 26. Kg3 Reh8 27. Bg4 Bc6 28. f3 R4h7 29.
Nc4 Rf8 30. Rfe1 Kh6 31. Ne3 Rhf7 32. Rad1 Rf4 33. Nd5 R4f7 34. b3 Kg5 35. a5 Kh6 36.
c4 Bd4 37. b4 Bxd5 38. cxd5 Bc3 39. Re2 Bxb4 40. Ra2 c6 41. dxc6 bxc6 42. Kf2 Rb7 43. Ke2 Bc5 44. Be6 Rfb8 45. Bc4 Ra7 46. Rdd2 Bd4 47. Kd3 Kg5 48. g3 Rb4 49. h4+ Kh6 50. Rdc2 Ra8 51. Ke2 Kg7 52. Ra3 Kf6 53. Rd3 Ke7 54.
f4 Kd7 55. f5 gxf5 56. exf5 d5 57. Ba2 e4 58. Rb3 Rab8 59. Rxb4 Rxb4 60. g4 Be5 61. g5 d4 62. Bc4 d3+ 63. Bxd3 exd3+ 64. Kxd3 Rxh4 65. Rg2 Ke7 66. Re2 Kd6 67. f6 Rg4 68. Rf2 Rxg5 69. f7 Bg7 70. f8=Q+ Bxf8 71. Rxf8 Rxa5 72. Kc4 Ra4+ 73. Kb3 Ra1 74. Ra8 Kc5 75.
Kb2 Ra5 76. Kb3 Kb6 77. Rb8+ Kc7 78. Rf8 Rh5 79. Ra8 Kb7 80. Rf8 a5 81. Ka4 Ka7 82.
Rf4 Kb6 83. Re4 Rh1 84. Rf4 Ra1+ 85. Kb3 Kb5 86. Kb2 Rh1 87. Rf8 c5 88. Rf4 Rh2+ 89. Ka3 a4 90. Rg4 Rh3+ 91. Ka2 c4 92. Rg8 Kb4 93.
Rb8+ Kc3 94. Ka3 Rh1 95. Ka2 Kc2 96. Rb2+ Kd3 97. Rb8 c3 98. Rd8+ Kc2 99. Rd4 Rh3 100. Rxa4 Kc1 101. Rc4 c2 102. Rc8 Kd2 103. Kb2 Rh7 104. Rxc2+ Kd3 105. Rc3+ Kd4 106. Rb3 Kc4 107. Rc3+ Kd4 108.
Rb3 Ra7 109. Ra3 Rb7+ 110. Rb3 Rc7 111. Rb4+ Kd3 112. Rb3+ Kd2 113. Rb4 Rc3 114. Rb3 Rc2+ 115. Ka3 Rc3 116. Rxc3 Kxc3 1/2-1/2

[Event "*** SCC Grand Prix: Titled Tuesday Blitz"]
[Site "Chess.com"]
[Date "2020.06.23"]
[Round "10"]
[White "Michaelson_11"]
[Black "Susal_De_Silva"]
[Result "1/2-1/2"]
[WhiteElo "2101"]
[BlackElo "2378"]
[TimeControl "180+1"]
[EndTime "12:00:59 PDT"]
[Termination "Game drawn by 50-move rule"]

1. e4 e5 2. Nf3 Nc6 3. Nc3 Nf6 4.
Bb5 Bb4 5. O-O O-O 6. d3 d6 7.
Bg5 Bxc3 8. bxc3 h6 9. Bh4 Bg4 10. h3 Bh5 11. g4 Bg6 12. Bxc6 bxc6 13. Re1 Re8 14. Qd2 Qe7 15. Kg2 Qe6 16. g5 Nh5 17. Bg3 f5 18. exf5 Bxf5 19. Rh1 e4 20. Nd4 Qd5 21. dxe4 Bxe4+ 22. f3 Bxf3+ 23. Nxf3 Qxd2+ 24. Nxd2 Re2+ 25. Kf3 Rxd2 26. gxh6 Rf8+ 27. Ke3 Rxc2 28. Kd3 Rg2 29. Bh4 g5 30. Rhg1 Rf3+ 31. Kc4 Rf4+ 32. Kb3 Rxg1 33. Rxg1 Rxh4 34. Rxg5+ Kh7 35. Ra5 Nf6 36.
Rxa7 Nd5 37. c4 Rxh3+ 38. Kb2 Ne7 39. Rxc7 Re3 40. a4 Kxh6 41. a5 Re2+ 42. Kb3 Re3+ 43.
Kb2 Nf5 44. Rxc6 Re7 45. Kc3 Kg5 46. a6 Kf4 47. c5 d5 48. Kb4 d4 49. Kc4 Rd7 50.
Rb6 d3 51. Rb7 Rd8 52. a7 d2 53. Rb1 Ne3+ 54. Kb5 d1=Q 55. Rxd1 Nxd1 56. Kb6 Ke5 57. Kb7 Rd7+ 58. Kb8 Nc3 59. a8=Q Rd8+ 60. Kb7 Rd5 61. Qe8+ Kd4 62. c6 Ne4 63. Qh8+ Kc4 64. c7 Rb5+ 65. Kc6 Rc5+ 66. Kd7 Rd5+ 67. Ke6 Nc5+ 68. Kf6 Rd6+ 69. Ke7 Rd7+ 70. Kf6 Rxc7 71. Qh4+ Kb5 72. Qh3 Rc6+ 73. Kf7 Kb6 74. Qg3 Re6 75. Kg7 Rc6 76. Kf7 Nd7 77.
Ke7 Nc5 78. Qg2 Kb5 79. Kf7 Rb6 80. Qf1+ Kc6 81. Kg6 Kd5+ 82. Kg5 Re6 83. Qd1+ Kc6 84. Kf4 Rf6+ 85. Ke5 Re6+ 86. Kf4 Rd6 87. Qc1 Rd4+ 88.
Kf3 Rd3+ 89. Kf2 Kd5 90. Ke2 Rd4 91. Qg5+ Kc4 92. Qc1+ Kb4 93. Qb1+ Nb3 94. Ke3 Rc4 95. Kf3 Rc3+ 96. Kg2 Rc5 97. Qe4+ Rc4 98. Qb7+ Kc3 99. Kf2 Nd4 100. Ke3 Nc2+ 101. Ke2 Rb4 102. Qc7+ Rc4 103. Qg7+ Kb3 104. Kd2 Nb4 105. Qg3+ Ka4 106. Qe5 Rc2+ 107. Kd1 Ra2 108. Qe7 Kb3 109. Qe8 Nd3 110. Qb8+ Kc3 111. Qc7+ Kb3 112. Qd6 Nb4 113. Qe6+ Ka3 114. Ke1 Rb2 115. Kf1 Nd3 116. Qe3 Rb3 117. Kg1 Nb4 118. Qa7+ Kb2 119. Qf2+ Nc2 120. Qf6+ Rc3 1/2-1/2